 Dungeon Crawl Stone Soup version 0.14.1-26-g5a19342 (webtiles) character file.

114 Oberon the Stinger (level 4, -4/27 HPs)
             Began as an Octopode Venom Mage on July 14, 2014.
             Slain by a gnoll
             ... wielding a +0,+0 spear
              (9 damage)
             ... on Level 2 of the Dungeon on July 15, 2014.
             The game lasted 00:31:28 (2499 turns).

Oberon the Stinger (Octopode Venom Mage)            Turns: 2499, Time: 00:31:28

HP  -4/27        AC  1     Str  7      XL: 4   Next: 66%
MP   3/9         EV 11     Int 18      God:
Gold 19          SH  6     Dex 12      Spells:  3 memorised,  3 levels left

rFire  . . .     SeeInvis .       - Unarmed
rCold  . . .     Clarity  .     w - +0 buckler
rNeg   . . .     Conserve .     (helmet restricted)
rPois  .         rCorr    .     (no amulet)
rElec  .         rRot     .     i - ring of teleport control
SustAb . .       Spirit   .     (no ring)
rMut   .         Warding  .     (no ring)
Saprov . . .     Stasis   .     (no ring)
MR     .....                    (no ring)
                                (no ring)
                                (no ring)
                                (no ring)

@: not resistant to hostile enchantments, quite stealthy
A: almost no armour, amphibious, 8 rings, constrict 8, camouflage 1, gelatinous
body 1
a: Evoke Teleport Control


You were on level 2 of the Dungeon.
You were hungry.

You visited 1 branch of the dungeon, and saw 3 of its levels.

You collected 19 gold pieces.

Inventory:

Missiles
 a - 19 stones (quivered)
 j - 3 darts of frost
 n - 18 bolts
 r - 4 darts
 s - 13 poisoned needles
 v - 22 arrows
Armour
 f - a +0 robe
 w - a +0 buckler (worn)
Comestibles
 c - a bread ration
 l - 9 sultanas
Scrolls
 g - 2 scrolls of teleportation
 k - 2 scrolls of identify
 m - a scroll of fog
 u - a scroll of recharging
Jewellery
 i - a ring of teleport control (left tentacle)
Potions
 h - a potion of porridge
Books
 b - a Young Poisoner's Handbook

   Spells                             Type                      Level
   *Sting                             Conjuration/Poison           1
   *Cure Poison                       Poison                       2
   *Mephitic Cloud                    Conjuration/Poison/Air       3
   Olgreb's Toxic Radiance            Poison                       4
   Venom Bolt                         Conjuration/Poison           5


   Skills:
 + Level 2.2 Dodging
 * Level 3.1 Stealth
 * Level 1.0 Unarmed Combat
 * Level 3.0 Spellcasting
 + Level 0.2 Conjurations
 * Level 5.8 Poison Magic


You had 3 spell levels left.
You knew the following spells:

 Your Spells              Type           Power        Failure   Level  Hunger
a - Sting                 Conj/Pois      ##..         8%          1    None
b - Cure Poison           Pois           ###.......   2%          2    ##.....
c - Mephitic Cloud        Conj/Pois/Air  #.......     28%         3    ###....


Dungeon Overview and Level Annotations

Branches:
Dungeon (3/15)

Altars:
Vehumet


Innate Abilities, Weirdness & Mutations

You cannot wear most types of armour.
You are amphibious.
You can wear up to eight rings at the same time.
You can use your tentacles to constrict many enemies at once.
Your skin changes colour to match your surroundings (Stlth).
Your rubbery body absorbs attacks (AC +1).


Message History

* * * LOW HITPOINT WARNING * * *
Press: ? - help, v - describe, . - travel
Here: a gnoll, wielding a spear The floor.
Casting: Sting
Confirm with . or Enter, or press ? or * to list all spells.
Aiming: Sting
Press: ? - help, Shift-Dir - straight line, f/p - gnoll
Aim: a gnoll, wielding a spear The sting hits the gnoll.
The gnoll is poisoned.
The gnoll is lightly wounded.
The gnoll closely misses you.
Casting: Sting
Confirm with . or Enter, or press ? or * to list all spells.
Aiming: Sting
Press: ? - help, Shift-Dir - straight line, f/p - gnoll
Aim: a gnoll, wielding a spear (lightly wounded, poisoned)
The sting misses the gnoll.
The gnoll hits you from afar with a spear!
You die...

....#....##.....# *,*
*,,,,, ....#....##.....#
*,* *,****
....#....##.....# *,* *,*
....#....##.....# *,* *,*
#####...........# *,* *,*
................# *,* *,*
######..........## *,* *,*
#.........###....#
*,*******,* #.........#
#...@# *,,,,,,,,,*
#.........###.g..#
***********
'%............>..#
#.....########.###
##.........###.####
###+####..........#
#,,,,,,###........#
,,,,,,,,,##.......########
,,,,,,,,,,##.............#


You could see a gnoll.

Vanquished Creatures
  3 gnolls (D:3)
  2 adders (D:2)
  An inept feature mimic (D:3)
  2 giant geckos
  3 giant cockroaches
  A hobgoblin (D:2)
  9 kobolds
  3 ball pythons
  8 bats
  A giant newt (D:1)
  3 goblins
  A quokka (D:2)
  6 rats
43 creatures vanquished.

Notes
Turn   | Place    | Note
--------------------------------------------------------------
     0 | D:1      | Oberon, the Octopode Venom Mage, began the quest for the Orb.
     0 | D:1      | Reached XP level 1. HP: 11/11 MP: 3/3
   201 | D:1      | Reached skill level 5 in Poison Magic
   542 | D:1      | Reached XP level 2. HP: 17/17 MP: 2/4
   566 | D:1      | Learned a level 2 spell: Cure Poison
  1312 | D:2      | Found a radiant altar of Vehumet.
  1316 | D:2      | Reached XP level 3. HP: 19/21 MP: 4/6
  1587 | D:2      | Learned a level 3 spell: Mephitic Cloud
  2052 | D:3      | Reached XP level 4. HP: 9/27 MP: 1/8
  2284 | D:3      | Reached skill level 1 in Unarmed Combat
  2499 | D:2      | Slain by a gnoll

Action                   |  1- 3 |  4- 6 || total
-------------------------+-------+-------++-------
Melee: Unarmed           |     7 |       ||     7
 Cast: Sting             |    70 |    17 ||    87
  Use: Scroll            |     8 |       ||     8
       Potion            |     2 |       ||     2
